 Dungeon Crawl Stone Soup version 0.30.1-4-g462c640d31 (webtiles) character file.

Game seed: 17186574373690825176

15771 Gabide the Destroyer (level 12, -8/114 HPs)
             Began as a Troll Chaos Knight on Aug 10, 2023.
             Was a Plaything of Xom.
             Mangled by Jorgrun
             ... wielding a +0 heavy quarterstaff
              (26 damage)
             ... on level 11 of the Dungeon.
             The game lasted 00:45:26 (11071 turns).

Gabide the Destroyer (Troll Chaos Knight)          Turns: 11071, Time: 00:45:27

Health: -8/114     AC:  9    Str: 29 (30) XL:     12   Next: 4%
Magic:  10/23      EV:  9    Int: 14      God:    Xom [.*....]
Gold:   1016       SH:  5    Dex:  5 (6)  Spells: 24/28 levels left

rFire   . .          .
                       - Unarmed
rCold   + . .        (no shield)
rNeg    . . .        v - +0 acid dragon scales
rPois   .            (helmet restricted)
rElec   .            s - +0 cloak
rCorr   +            (gloves unavailable)
SInv    .            (boots unavailable)
Will    +....        C - amulet of reflection Stlth
                     m - ring of resist corrosion
HPRegen 1.19/turn    u - ring of protection from cold
MPRegen 0.18/turn

%: reflection
@: about to teleport, invisible
A: large, unfitting armour, claws 3, regeneration 1, shaggy fur 1, tough skin 1,
clever 1, deterioration 1, strong-willed 1, strong 2, MP-powered wands
a: Renounce Religion


You were on level 11 of the Dungeon.
You worshipped Xom.
You were a plaything of Xom.
You visited 2 branches of the dungeon, and saw 12 of its levels.
You also visited: Sewer and Ossuary.

You collected 1273 gold pieces.
You spent 257 gold pieces at shops.

Inventory:

Hand Weapons
 t - a +4 quarterstaff of chaos
Missiles
 q - 19 boomerangs
Armour
 a - a +2 robe
 s - a +0 cloak (worn)
 v - +0 acid dragon scales (worn)
Jewellery
 m - a ring of resist corrosion (left claw)
 u - a ring of protection from cold (right claw)
 C - an amulet of reflection (around neck)
Wands
 B - a wand of flame (19)
Scrolls
 c - 11 scrolls of teleportation
 d - 2 scrolls of immolation
 f - 2 scrolls of fog
 k - 5 scrolls of magic mapping
 y - 2 scrolls of fear
 D - 2 scrolls of brand weapon
 E - 3 scrolls of vulnerability
 F - a scroll of enchant weapon
 G - a scroll of identify
Potions
 e - 8 potions of heal wounds
 g - a potion of cancellation
 h - 4 potions of curing
 i - 3 potions of magic
 j - 3 potions of flight
 l - 2 potions of resistance
 n - a potion of lignification
 o - a potion of berserk rage
 r - a potion of mutation
 w - 3 potions of haste
 x - 5 potions of attraction
 z - a potion of invisibility
 A - a potion of brilliance {unknown}
Miscellaneous
 b - a piece from Xom's chessboard (14/15)


   Skills:
 - Level 6.0 Fighting
 - Level 3.0 Dodging
 - Level 6.0 Unarmed Combat
 + Level 8.8 Spellcasting
 - Level 9.0 Conjurations
 - Level 1.0 Earth Magic


You had 24 spell levels left.
You knew the following spells:

 Your Spells              Type           Power      Damage    Failure   Level
a - Foxfire               Conj/Fire      72%        2x1d7     2%          1
b - Hailstorm             Conj/Ice       18%        3d6       7%          3

Your spell library contained the following spells:

 Spells                   Type           Power      Damage    Failure   Level
 Freeze                   Ice            24%        1d4       14%         1
 Sublimation of Blood     Necr           6%         N/A       22%         2
 Wereblood                Tmut           6%         N/A       22%         2
 Frozen Ramparts          Ice            12%        1d2       38%         3
 Ozocubu's Armour         Ice            6%         N/A       38%         3
 Tukima's Dance           Hex            6%         N/A       38%         3
 Fireball                 Conj/Fire      9%         3d6       52%         5
 Petrify                  Tmut/Erth      7%         N/A       75%         4
 Passage of Golubria      Tloc           6%         N/A       80%         4
 Metabolic Englaciation   Hex/Ice        3%         N/A       98%         5
 Yara's Violent Unravell  Hex/Tmut       3%         3d4       98%         5
 Conjure Ball Lightning   Conj/Air       9%         3x3d6     98%         6
 Starburst                Conj/Fire      9%         6d5       98%         6
 Plasma Beam              Fire/Air       3%         2x1d14    100%        6
 Statue Form              Tmut/Erth      4%         N/A       100%        6
 Ozocubu's Refrigeration  Ice            3%         4d8       100%        7
 Summon Hydra             Summ           3%         N/A       100%        7
 Discord                  Hex            3%         N/A       100%        8
 Disjunction              Tloc           3%         N/A       100%        8


Dungeon Overview and Level Annotations

Branches:
Dungeon (12/15)            Temple (1/1) D:4           Sewer (visited)
Ossuary (visited)
   Lair: D:8-11         Orc: D:9-12

Altars:
Ashenzari
Cheibriados
Dithmenos
Elyvilon
Fedhas
Hepliaklqana
Kikubaaqudgha
Makhleb
Nemelex Xobeh
Okawaru
Qazlal
Ru
Sif Muna
Trog
Uskayaw
Vehumet
Wu Jian
Xom
Yredelemnul
Zin
The Shining One

Shops:
D:6 *

Annotations:
D:11 Jorgrun


Innate Abilities, Weirdness & Mutations

You are too large for most types of armour.
You have claws for hands.
Your natural rate of healing is unusually fast.
You are covered in fur. (AC +1)
You have tough skin. (AC +1)
Your mind is acute. (Int +4, Str/Dex -1)
Your body sometimes deteriorates upon taking damage.
You are strong-willed. (Will+)
Your muscles are very strong. (Str +8, Int/Dex -2)
You expend magic power (3 MP) to strengthen your wands.


Message History

Jorgrun seems to be corroded for longer.
Jorgrun is moderately wounded.
Unknown command.
Aiming: Corrosive Bolt
Press: ? - help, Shift-Dir - straight line, f/p - Jorgrun
Aim: Jorgrun, wielding a +0 heavy quarterstaff and wearing a +0 robe of willpower (moderately wounded, unable to see you, covered in acid, 53% to hit)
You feel a surge of power!
The bolt of acid hits Jorgrun!
Jorgrun seems to be corroded for longer.
Jorgrun is heavily wounded.
Jorgrun points at you and mumbles some strange words.
You easily resist.
Unknown command.
Aiming: Corrosive Bolt
Press: ? - help, Shift-Dir - straight line, f/p - Jorgrun
Aim: Jorgrun, wielding a +0 heavy quarterstaff and wearing a +0 robe of willpower (heavily wounded, unable to see you, covered in acid, 53% to hit)
You feel a surge of power!
The bolt of acid misses Jorgrun.
The now-empty wand crumbles to dust.
Jorgrun hits you with a +0 heavy quarterstaff!!
* * * LOW HITPOINT WARNING * * *
Unknown command.
Press: ? - help, v - describe, . - travel
Here: Jorgrun, wielding a +0 heavy quarterstaff and wearing a +0 robe of willpower (heavily wounded, unable to see you, covered in acid)
The floor, spattered with blood.
Unknown command.
Unknown command.
Unknown command.
Jorgrun points at something and mumbles some strange words.
There is a stone staircase leading up here.
Jorgrun hits you with a +0 heavy quarterstaff!!
* * * LOW HITPOINT WARNING * * *
Your body deteriorates!
You feel weakened.
You climb upwards.
Reactivating autopickup.
There is a stone staircase leading down here.
As you read the scroll of teleportation, it crumbles to dust.
You feel strangely unstable.
You make a move on Xom's chessboard...
Jorgrun resists with almost no effort.
Jorgrun hits you with a +0 heavy quarterstaff!!
You die...
Xom howls with laughter!

#.####.).......##
##.##.....# ##.#
#..........##
##.##...## #..#
#...........##
##.#..## #.##
#............#
#..#.# ##.#
#.....)......##
##.)## #)##
#.............#
##..## # ##)#
#.............#
##..### #..#
#.............##
##..#. #)##
#.......@......#
##... #.#
#....##..g.....#
##.. .##
#....####......#
##... .# #...##
###....# #.... .#
#...# ###..##
#.... ## ##...#
###.# ##... ##
#...## ### ###.
.### #...# ##.
...## ##...# ##..


You could see Jorgrun (unable to see you, corroded).

Vanquished Creatures
  2 death yaks (D:9)
  Joseph (D:8)
  A gargoyle (D:11)
  2 unseen horrors (D:11)
  A hornet (D:7)
  Grinder (D:3)
  A vampire (D:11)
  A wyvern (D:11)
  A steam dragon (D:5)
  6 yaks (D:11)
  Menkaure (D:6)
  7 vampire mosquitoes
  An acid dragon (D:11)
  2 ice beasts
  5 black bears
  2 orc warriors
  A sky beast (D:7)
  A centaur (D:7)
  3 phantoms
  3 elf zombies (Ossuary)
  3 kobold brigands
  2 bullfrogs
  2 gnoll sergeants
  3 scorpions
  10 wights (D:7)
  10 killer bees (D:8)
  2 electric eels (D:7)
  2 centaur zombies (Ossuary)
  4 orc priests
  4 hounds
  A sleepcap (D:8)
  Crazy Yiuf (D:3)
  Jessica (D:2)
  Natasha (twice) (D:3)
  4 iguanas
  6 orc wizards
  2 hound zombies (Ossuary)
  3 mummies (Ossuary)
  Robin (D:3)
  9 adders
  13 gnolls
  3 river rats
  A white imp (D:5)
  3 adder zombies (Ossuary)
  3 dart slugs
  5 worms
  33 orcs
  11 ball pythons
  8 endoplasms
  3 giant cockroaches
  12 hobgoblins
  5 jackals (D:3)
  3 quokkas
  6 bats
  A frilled lizard (D:3)
  2 gnoll zombies (Ossuary)
  15 goblins
  3 goblin zombies (Ossuary)
  5 hobgoblin zombies (Ossuary)
  6 jackal zombies (Ossuary)
  28 kobolds
  3 kobold zombies (Ossuary)
  2 orc zombies (Ossuary)
  4 quokka zombies (Ossuary)
  9 rats
  A rat zombie (Ossuary)
  A spectral hobgoblin (D:4)
304 creatures vanquished.

Vanquished Creatures (collateral kills)
  A two-headed ogre (D:11)
  A boulder beetle (D:11)
  Sigmund (D:2)
  A killer bee (D:8)
4 creatures vanquished.

Vanquished Creatures (others)
  A wizard (D:7)
  350 foxfires
351 creatures vanquished.

Grand Total: 659 creatures vanquished

Notes
Turn   | Place    | Note
-------+----------+-------------------------------------------
     0 | D:1      | Gabide the Troll Chaos Knight began the quest for the Orb.
     0 | D:1      | Reached XP level 1. HP: 22/22 MP: 0/0
    86 | D:1      | XOM: silly message
   107 | D:1      | XOM: silly message
   152 | D:1      | Reached XP level 2. HP: 29/29 MP: 1/1
   577 | D:1      | XOM: god gift: runed ring mail {god gift}
   722 | D:1      | Reached XP level 3. HP: 32/37 MP: 2/2
   893 | D:1      | XOM: divination: magic mapping
  1035 | D:1      | XOM: give mutations
  1035 | D:1      | Gained mutation: Your spells are a little easier to cast,
                  | but a little less powerful. [Xom's mischief]
  1035 | D:1      | Gained mutation: You are strong-willed. (Will+) [Xom's
                  | mischief]
  1050 | D:1      | XOM: silly message
  1227 | D:2      | XOM: noise
  1239 | D:2      | Noticed Jessica
  1243 | D:2      | Killed Jessica
  1244 | D:2      | Reached XP level 4. HP: 32/45 MP: 2/4
  1287 | D:2      | Noticed Sigmund
  1290 | D:2      | XOM: divination: magic mapping
  1298 | D:2      | XOM: summons friendly white imp
  1301 | D:2      | Reached skill level 1 in Spellcasting
  1301 | D:2      | Killed Sigmund
  1302 | D:2      | Reached skill level 1 in Conjurations
  1302 | D:2      | Reached skill level 1 in Earth Magic
  1302 | D:2      | Reached XP level 5. HP: 39/53 MP: 5/5
  1581 | D:2      | XOM: 1-stop teleportation journey
  1807 | D:2      | XOM: cloud trail
  1849 | D:3      | Reached XP level 6. HP: 62/62 MP: 6/6
  1881 | D:3      | Noticed Grinder
  1891 | D:3      | XOM: enchant monster (good)
  1920 | D:3      | Killed Grinder
  1975 | D:3      | XOM: 4-stop teleportation journey
  2001 | D:3      | Noticed Natasha
  2008 | D:3      | Killed Natasha
  2021 | D:3      | Reached skill level 5 in Unarmed Combat
  2024 | D:3      | Reached XP level 7. HP: 65/71 MP: 7/7
  2296 | D:3      | Noticed Robin
  2317 | D:3      | Killed Robin
  2329 | D:3      | XOM: torment (37/71 hp)
  2629 | D:3      | Noticed Natasha
  2634 | D:3      | Killed Natasha
  2648 | D:3      | XOM is BORED!
  2648 | D:3      | XOM: give mutations
  2648 | D:3      | Gained mutation: You are highly strong-willed. (Will++)
                  | [Xom's mischief]
  2648 | D:3      | Lost mutation: You are highly strong-willed. (Will++)
                  | [Xom's mischief]
  2648 | D:3      | Gained mutation: You are dopey. (Int -2) [Xom's mischief]
  2648 | D:3      | Lost mutation: You are dopey. (Int -2) [Xom's mischief]
  2672 | D:3      | Found a runed translucent door.
  2673 | D:3      | Noticed Crazy Yiuf
  2678 | D:3      | Killed Crazy Yiuf
  2793 | D:4      | XOM: enchant monster (bad)
  2800 | D:4      | Reached skill level 5 in Fighting
  2829 | D:4      | Found a glowing drain.
  2832 | D:4      | XOM: noise
  2847 | Sewer    | Entered a sewer
  3126 | Sewer    | XOM: draining
  3284 | D:4      | Found a hazy altar of Hepliaklqana.
  3353 | D:4      | Learned a level 1 spell: Foxfire
  3407 | D:4      | Reached XP level 8. HP: 74/83 MP: 8/8
  3501 | D:4      | Found a staircase to the Ecumenical Temple.
  3728 | D:4      | XOM: god gift: book of Sloth
  3734 | D:4      | XOM: scenery: create altars
  3813 | Temple   | Entered the Ecumenical Temple
  3834 | Temple   | XOM: 7-stop teleportation journey
  4006 | D:5      | Entered Level 5 of the Dungeon
  4057 | D:5      | XOM: divination: magic mapping
  4421 | D:5      | Reached skill level 2 in Conjurations
  4808 | D:6      | Reached skill level 3 in Conjurations
  4862 | D:6      | Reached skill level 4 in Conjurations
  4923 | D:6      | Noticed Menkaure
  4930 | D:6      | XOM: butterfly on damage
  4931 | D:6      | Killed Menkaure
  4932 | D:6      | Reached XP level 9. HP: 68/89 MP: 4/12
  5142 | D:6      | Found a snail-covered altar of Cheibriados.
  5257 | D:6      | XOM: cloud trail
  5293 | D:6      | Found Azxu's Assorted Antiques.
  5296 | D:6      | Bought 2 murky purple potions for 59 gold pieces
  5296 | D:6      | Bought a scroll of identify for 66 gold pieces
  5296 | D:6      | Bought a scroll of identify for 66 gold pieces
  5296 | D:6      | Bought a scroll of identify for 66 gold pieces
  5431 | D:7      | Found a bloodstained altar of Trog.
  5444 | D:7      | XOM: enchant monster (good)
  5452 | D:7      | Reached skill level 5 in Conjurations
  5525 | D:7      | Found a sand-covered staircase.
  5537 | Ossuary  | Entered an ossuary
  5554 | Ossuary  | XOM: scenery: summon butterflies
  5656 | Ossuary  | XOM: 6-stop teleportation journey
  5720 | Ossuary  | XOM: potion effect (magic)
  5809 | Ossuary  | Reached skill level 6 in Conjurations
  6318 | Ossuary  | XOM: 4-stop teleportation journey
  6747 | D:7      | XOM: scenery: create altars
  6872 | D:7      | XOM: fake destruction
  6958 | D:7      | Paralysed by a hornet for 1 turns
  6960 | D:7      | Paralysed by a hornet for 1 turns
  7182 | D:7      | Noticed a wizard
  7187 | D:7      | Killed a wizard
  7282 | D:7      | XOM: give mutations
  7282 | D:7      | Gained mutation: You are partially covered in iridescent
                  | scales. (AC +2) [Xom's grace]
  7282 | D:7      | Gained mutation: You are agile. (Dex +4, Str/Int -1) [Xom's
                  | grace]
  7282 | D:7      | Gained mutation: Your muscles are strong. (Str +4, Int/Dex
                  | -1) [Xom's grace]
  7436 | D:7      | Found a glowing silver altar of Zin.
  7436 | D:7      | Noticed an angel
  7468 | D:7      | XOM: god gift: 630 gold pieces
  7555 | D:7      | Reached skill level 5 in Spellcasting
  7555 | D:7      | Reached XP level 10. HP: 97/98 MP: 13/16
  7728 | D:7      | XOM: noise
  7737 | D:8      | XOM: smoke on damage
  7810 | D:7      | Learned a level 3 spell: Hailstorm
  7853 | D:8      | Noticed Joseph
  7871 | D:8      | Killed Joseph
  7876 | D:8      | XOM: 2-stop teleportation journey
  8288 | D:8      | XOM: enchant monster (good)
  8490 | D:8      | XOM: confuse monster(s)
  8597 | D:8      | XOM: scenery: create altars
  8608 | D:8      | XOM: divination: detect items
  8622 | D:8      | XOM: summons 4 friendly demons
  8785 | D:8      | Found an ornate altar of the Wu Jian Council.
  8804 | D:8      | XOM: silly message
  8901 | D:8      | XOM: give mutations
  8901 | D:8      | Gained mutation: Your muscles are very strong. (Str +8,
                  | Int/Dex -2) [Xom's mischief]
  8901 | D:8      | Gained mutation: You passively map a small area around you.
                  | [Xom's mischief]
  8901 | D:8      | Gained mutation: Your body sometimes deteriorates upon
                  | taking damage. [Xom's mischief]
  8901 | D:8      | Lost mutation: You passively map a small area around you.
                  | [Xom's mischief]
  9068 | D:8      | Reached skill level 8 in Conjurations
  9068 | D:8      | Reached XP level 11. HP: 105/105 MP: 18/21
  9144 | D:9      | Noticed a death yak
  9147 | D:9      | Noticed a death yak
  9154 | D:9      | XOM: noise
  9156 | D:9      | XOM: summons 3 friendly demons
  9171 | D:9      | Killed a death yak
  9181 | D:9      | Killed a death yak
  9217 | D:9      | XOM: stat loss: -1 Str (28/29)
  9299 | D:9      | XOM: give mutation
  9299 | D:9      | Gained mutation: You possess an exceptional clarity of
                  | mind. [Xom's grace]
  9369 | D:9      | XOM: scenery: summon butterflies
  9370 | D:9      | You fall into a shaft and drop 2 floors!
  9455 | D:11     | Noticed a two-headed ogre
  9456 | D:11     | Noticed a boulder beetle
  9466 | D:11     | XOM: divination: detect items
  9482 | D:11     | Killed a two-headed ogre
  9483 | D:11     | Reached skill level 9 in Conjurations
  9486 | D:11     | Killed a boulder beetle
  9632 | D:11     | XOM: give mutations
  9632 | D:11     | Gained mutation: Your flesh is cold resistant. (rC+) [Xom's
                  | grace]
  9632 | D:11     | Gained mutation: You are resistant to electric shocks.
                  | (rElec) [Xom's grace]
  9632 | D:11     | Gained mutation: Your mind is acute. (Int +4, Str/Dex -1)
                  | [Xom's grace]
  9735 | D:11     | XOM: give mutation
  9735 | D:11     | Gained mutation: You heal very quickly. [Xom's grace]
 10190 | D:11     | XOM: cleaving
 10192 | D:11     | XOM: enchant monster (bad)
 10193 | D:11     | XOM: cast spell 'Dispersal'
 10415 | D:11     | Reached XP level 12. HP: 69/114 MP: 6/23
 10501 | D:11     | XOM: give mutations
 10501 | D:11     | Lost mutation: You are partially covered in iridescent
                  | scales. (AC +2) [Xom's mischief]
 10501 | D:11     | Gained mutation: You have hidden genetic defects. [Xom's
                  | mischief]
 10502 | D:11     | Lost mutation: You heal very quickly. [potion of mutation]
 10502 | D:11     | Lost mutation: You are agile. (Dex +4, Str/Int -1) [potion
                  | of mutation]
 10502 | D:11     | Lost mutation: You possess an exceptional clarity of mind.
                  | [potion of mutation]
 10502 | D:11     | Lost mutation: You are resistant to electric shocks.
                  | (rElec) [potion of mutation]
 10502 | D:11     | Gained mutation: You have sharp toenails. [potion of
                  | mutation]
 10503 | D:11     | Lost mutation: Your spells are a little easier to cast, but
                  | a little less powerful. [potion of mutation]
 10503 | D:11     | Lost mutation: You have sharp toenails. [potion of
                  | mutation]
 10503 | D:11     | Lost mutation: Your mind is acute. (Int +4, Str/Dex -1)
                  | [potion of mutation]
 10503 | D:11     | Gained mutation: Your mind is acute. (Int +4, Str/Dex -1)
                  | [potion of mutation]
 10503 | D:11     | Gained mutation: You are covered in thick fur. (AC +2)
                  | [potion of mutation]
 10503 | D:11     | Gained mutation: You expend magic power (3 MP) to
                  | strengthen your wands. [potion of mutation]
 10504 | D:11     | Lost mutation: You have hidden genetic defects. [potion of
                  | mutation]
 10504 | D:11     | Lost mutation: You are covered in thick fur. (AC +2)
                  | [potion of mutation]
 10504 | D:11     | Lost mutation: You are strong-willed. (Will+) [potion of
                  | mutation]
 10504 | D:11     | Lost mutation: Your flesh is cold resistant. (rC+) [potion
                  | of mutation]
 10504 | D:11     | Gained mutation: You are strong-willed. (Will+) [potion of
                  | mutation]
 10750 | D:11     | XOM: divination: detect creatures
 10884 | D:12     | Noticed Jorgrun
 10897 | D:12     | XOM: scenery: create altars
 11047 | D:12     | XOM: 2-stop teleportation journey
 11071 | D:11     | Mangled by Jorgrun

Illustrated notes

Levels and vault maps discovered:
D:1:      amcnicky_arrival_blooded_trapdoor, layout_basic, bh_walls_and_bars
D:2:      layout_basic, reono_crystal_passage, kennysheep_generic_room_13,
          uniq_jessica, uniq_sigmund
D:3:      minmay_skewed_foursquare, layout_basic, uniq_grinder, uniq_robin,
          uniq_crazy_yiuf_cottage, uniq_natasha
D:4:      layout_basic, nicolae_hepliaklqana_monster_ancestors,
          minmay_temple_entry_poolview, portal_sewer_entry_b
D:5:      layout_cave_pools
D:6:      layout_cave_pools, mainiacjoe_overflow_chevrons, serial_shops,
          nicolae_shop_tiny_real_fake_doors, minmay_misc_feat_five,
          uniq_menkaure
D:7:      layout_loops_cross, trog_wizard, zin_angel,
          chequers_ossuary_entry_cave, nicolae_lava_and_water
D:8:      layout_basic, lemuel_coloured_pillars_altar, roderic_lattice_a,
          minivault_26, uniq_joseph
D:9:      layout_stronghold, dpeg_lair_monsters, orc_0_dummy, serial_shops,
          nicolae_shop_window_shopping, minmay_fractal_squares_gapless_7
D:11:     layout_cave_pods
D:12:     layout_loops_cross, uniq_jorgrun
Temple:   nicolae_temple_superstar

Skill      XL: |  1  2  3  4  5  6  7  8  9 10 11 |
---------------+----------------------------------+-----
Dodging        | 2 3 |  3.0
Fighting       | 3 4 5 6 |  6.0
Spellcasting   | 1 3 5 7 8 |  8.8
Conjurations   | 1 4 6 8 9 |  9.0
Earth Magic    | 1 |  1.0
Unarmed Combat | 4 5 6 |  6.0

Action                     |  1- 3 |  4- 6 |  7- 9 | 10-12 || total
---------------------------+-------+-------+-------+-------++-------
  Melee: Unarmed           |    70 |    52 |   482 |   259 ||   863
         Punch             |     1 |       |    20 |    11 ||    32
  Throw: Boomerang         |       |       |    19 |       ||    19
   Cast: Foxfire           |       |       |   182 |    45 ||   227
         Hailstorm         |       |       |       |    54 ||    54
  Evoke: Piece from Xom's  |       |    10 |     1 |     1 ||    12
         Wand              |       |       |     4 |     8 ||    12
    Use: Scroll            |     2 |     2 |    13 |     7 ||    24
         Potion            |       |       |       |     8 ||     8
   Stab: Petrified         |       |     5 |     5 |       ||    10
         Paralysed         |       |     2 |     2 |       ||     4
         Petrifying        |       |       |     1 |       ||     1
         Invisible         |       |       |       |     1 ||     1
 Armour: Robe              |    20 |    14 |   165 |    53 ||   252
         Acid dragon scale |       |       |       |    48 ||    48
  Dodge: Dodged            |    33 |    22 |   213 |   114 ||   382
  Block: Other             |       |       |     7 |    51 ||    58
         Reflection        |       |       |       |     3 ||     3
